 Dungeon Crawl Stone Soup version 0.19.1-1-g22dce08 (webtiles) character file.

93 Dwachs the Conjurer (level 4, -3/33 HPs)
             Began as a Demigod Fire Elementalist on Jan 2, 2017.
             Slain by a gnoll (4 damage)
             ... on level 4 of the Dungeon.
             The game lasted 00:17:40 (3565 turns).

Dwachs the Conjurer (Demigod Fire Elementalist)     Turns: 3565, Time: 00:17:41

Health: -3/33      AC:  2    Str: 11    XL:     4   Next: 14%
Magic:  8/9        EV: 15    Int: 21    God:
Gold:   177        SH:  0    Dex: 18    Spells: 3 memorised, 1 level left

rFire  . . .     SeeInvis .     e - +0 dagger (venom)
rCold  . . .     Gourm    .     k - +0 robe
rNeg   . . .     Faith    .     (no shield)
rPois  .         Spirit   .     (no helmet)
rElec  .         Reflect  .     (no cloak)
rCorr  .         Harm     .     (no gloves)
MR     .....                    (no boots)
Stlth  +.........               (no amulet)
                                g - +2 ring of dexterity
                                d - +3 ring of evasion

@: lethally poisoned (-3 -> -7), glowing
A: high mp 1
a: no special abilities


You were on level 4 of the Dungeon.
You were not hungry.

You visited 1 branch of the dungeon, and saw 4 of its levels.

You collected 177 gold pieces.

Inventory:

Hand Weapons
 e - a +0 dagger of venom (weapon)
 i - a +0 whip
Armour
 a - a +0 robe
 k - a +0 robe (worn)
Jewellery
 d - a +3 ring of evasion (left hand)
 g - a +2 ring of dexterity (right hand)
Scrolls
 p - a scroll of magic mapping
Potions
 f - 2 potions of curing
 h - 2 potions of magic {unknown}
 j - 2 potions of invisibility
 l - a potion of heal wounds {unknown}
 n - a potion of lignification {unknown}
 r - a potion of agility {unknown}
 s - a potion of mutation {unknown}
Books
 b - a book of Flames

   Spells                             Type                      Level
   a - Flame Tongue                   Conjuration/Fire             1
   b - Throw Flame                    Conjuration/Fire             2
   c - Conjure Flame                  Conjuration/Fire             3
   d - Inner Flame                    Hexes/Fire                   3
   e - Sticky Flame                   Conjuration/Fire             4
   f - Fireball                       Conjuration/Fire             5
Comestibles
 c - a bread ration
 m - a beef jerky
 o - 4 fruits
 q - 5 chunks of flesh


   Skills:
 - Level 0.1 Short Blades
 - Level 1.7 Dodging
 + Level 2.4 Stealth
 - Level 2.0 Spellcasting
 - Level 3.0 Conjurations
 - Level 3.0 Fire Magic


You had one spell level left.
You knew the following spells:

 Your Spells              Type           Power        Failure   Level  Hunger
a - Flame Tongue          Conj/Fire      ##...        4%          1    #......
b - Throw Flame           Conj/Fire      ##....       8%          2    ##.....
c - Conjure Flame         Conj/Fire      ##......     14%         3    ###....


Dungeon Overview and Level Annotations

Branches:
Dungeon (4/15)
 Temple: D:4-7

Annotations:
D:3 monokles's ghost, amateur DENe
D:4 Patate's ghost, amateur SpEn


Innate Abilities, Weirdness & Mutations

You have an increased reservoir of magic. (+10% MP)


Message History

Unknown command.
What are your orders? t - Shout!
Orders for allies: a - Attack new target. r - Retreat! s - Stop attacking. g - Guard the area. f - Follow me.
Anything else - Cancel.
Okay, then.
Casting: Flame Tongue
Confirm with . or Enter, or press ? or * to list all spells.
Aiming: Flame Tongue
Press: ? - help, Shift-Dir - straight line, f - gnoll
Aim: a gnoll The flame tongue hits the gnoll.
The gnoll is lightly wounded.
The centaur skeleton hits you.
* * * LOW HITPOINT WARNING * * *
The gnoll closely misses you. The worker ant barely misses you.
The gnoll hits you.
You die...

. ....# .#....
#######.....#
#..........#
###..........##.
##..............
#..#g#.#......#
#.gg@Z........###
#.g#a#.#.........
l###..lW.........##
......#.#.#......#
.................#
.......#####.....#
....... ##.#### #.
#...g.>...##.# #.#
#. #.........#..#
#.# ####.


You could see a worker ant, Patate's ghost, 4 gnolls, a leopard gecko and a
centaur skeleton.

Vanquished Creatures
  2 adders
  An ooze (D:1)
  An adder zombie (D:4)
  A worm (D:3)
  2 dart slugs
  2 leopard geckos
  3 orcs
  3 ball pythons
  3 bats
  3 giant cockroaches
  6 goblins
  6 hobgoblins
  6 jackals (D:1)
  2 quokkas (D:3)
  4 frilled lizards
  2 kobolds (D:3)
  A leopard gecko skeleton (D:4)
  5 rats
53 creatures vanquished.

Notes
Turn   | Place    | Note
-------+----------+-------------------------------------------
     0 | D:1      | Dwachs the Demigod Fire Elementalist began the quest for the Orb.
     0 | D:1      | Reached XP level 1. HP: 14/14 MP: 5/5
    21 | D:1      | Reached skill level 1 in Conjurations
   516 | D:1      | Reached XP level 2. HP: 20/20 MP: 2/7
   520 | D:1      | Learned a level 2 spell: Throw Flame
  1459 | D:2      | Reached XP level 3. HP: 26/26 MP: 5/8
  1780 | D:2      | Found a radiant altar of Vehumet.
  1969 | D:3      | Found a glowing silver altar of Zin.
  1995 | D:3      | Found an ancient bone altar of Kikubaaqudgha.
  2022 | D:3      | Noticed monokles's ghost (amateur DENe)
  2855 | D:3      | Learned a level 3 spell: Conjure Flame
  3222 | D:4      | Reached XP level 4. HP: 27/33 MP: 6/9
  3507 | D:4      | Noticed a bullfrog
  3549 | D:4      | Noticed Patate's ghost (amateur SpEn)
  3565 | D:4      | HP: 1/33 [centaur skeleton (2)]
  3565 | D:4      | Slain by a gnoll

Skill      XL: |  1  2  3 |
---------------+----------+-----
Conjurations   | 2 3 |  3.0
Spellcasting   | 2 |  2.0
Fire Magic     | 3 |  3.0
Stealth        | 2 |  2.4
Short Blades   | |  0.1
Dodging        | |  1.7

Action                   |  1- 3 |  4- 6 || total
-------------------------+-------+-------++-------
Melee: Dagger            |    35 |     7 ||    42
 Cast: Flame Tongue      |    47 |    13 ||    60
       Throw Flame       |    11 |     3 ||    14
  Use: Scroll            |     5 |     1 ||     6
 Stab: Sleeping          |     8 |       ||     8
  Eat: Chunk             |     4 |     1 ||     5
       Bread ration      |     1 |       ||     1
Armor: Robe              |    17 |     5 ||    22
Dodge: Dodged            |    62 |    28 ||    90
